 Dungeon Crawl Stone Soup version 0.31.0-9-g3a7656b989 (webtiles) character file.

Game seed: 1457932811722980088

30 qw the Shooter (level 3, 0/20 HPs)
             Began as a Deep Elf Hunter on Feb 2, 2024.
             Succumbed to their own poison gas
             ... on level 1 of the Dungeon.
             The game lasted 00:00:02 (932 turns).

qw the Shooter (Deep Elf Hunter)                     Turns: 932, Time: 00:00:02

Health: 0/20       AC:  3    Str: 10    XL:     3   Next: 3%
Magic:  5/5        EV: 12    Int: 13    God:
Gold:   33         SH:  0    Dex: 18    Spells: 2/2 levels left

rFire   . . .        a - +1 shortbow
rCold   . . .        (shield currently unavailable)
rNeg    . . .        c - +0 leather armour
rPois   .            (no helmet)
rElec   .            (no cloak)
rCorr   .            (no gloves)
SInv    .            (no boots)
Will    .....        (no amulet)
Stlth   ++           (no ring)
HPRegen 0.23/turn    (no ring)
MPRegen 0.09/turn

%: no passive effects
@: lethally poisoned (0 -> -1)
A: no striking features
a: no special abilities


You were on level 1 of the Dungeon.
You visited 1 branch of the dungeon, and saw 1 of its levels.

You collected 33 gold pieces.


   Skills:
 - Level 1.5 Fighting
 + Level 6.6 Ranged Weapons
 - Level 2.4 Dodging
 - Level 1.2 Stealth


You had 2 spell levels left.
You didn't know any spells.
Your spell library was empty.

Inventory:

Hand Weapons
 a - a +1 shortbow (weapon)
Armour
 c - a +0 leather armour (worn)
Potions
 e - a potion of ambrosia {unknown}
 f - a potion of enlightenment {unknown}

Dungeon Overview and Level Annotations

Branches:
Dungeon (1/15)

Altars:


Message History

921 ||| DROPPING scroll of butterflies.
You drop a scroll of butterflies.
Done exploring.
922 ||| DROPPING scroll of immolation.
You drop a scroll of immolation.
Done exploring.
What level of the Dungeon? (default 1, ? - help) Sorry, I don't know how to get there.
Enter note:
Enter note:
Enter note:
Enter note:
Enter note:
Enter note:
Enter note:
Enter note:
Enter note:
Enter note:
Enter note:
Enter note: You are engulfed in poison gas.
You are poisoned.
You feel very sick.
924 ||| Stepping ~*~*~tactically~*~*~ (cloud).
You feel very sick.
Things that are here:
a scroll of immolation; a scroll of butterflies
There is a lethal amount of poison in your body!
You feel very sick.
There is a lethal amount of poison in your body!
You feel sick.
There is a lethal amount of poison in your body!
You feel sick.
There is a lethal amount of poison in your body!
You feel sick.
There is a lethal amount of poison in your body!
You feel sick.
There is a lethal amount of poison in your body!
You feel sick.
There is a lethal amount of poison in your body!
You feel sick.
There is a lethal amount of poison in your body!
You die...

##.## ##..
#...## ##...
##.#.## ##....
#..00####..[.^
##..00...'.....
#.00..####.....
###0#####
##....
##¤0¤0.## ##...
#@#8~8#.# ##..
#0#~~~#.# ##'
#0#8~8#.# #.
#¤#~~~#.#### #.
#.#8~8#.#..#
##.
##.....###|#
##.. ##.<.##
#.# #... #####
#.#####..
#.......%


There were no monsters in sight!

Vanquished Creatures
  2 ball pythons (D:1)
  3 endoplasms (D:1)
  4 giant cockroaches (D:1)
  2 hobgoblins (D:1)
  2 jackals (D:1)
  2 quokkas (D:1)
  3 bats (D:1)
  2 frilled lizards (D:1)
  3 goblins (D:1)
  A rat (D:1)
24 creatures vanquished.

Notes
Turn   | Place    | Note
-------+----------+-------------------------------------------
     0 | D:1      | qw the Deep Elf Hunter began the quest for the Orb.
     0 | D:1      | Reached XP level 1. HP: 12/12 MP: 3/3
     0 | D:1      | 0 ||| qw: Version: 0.3-a-155-g5e7d8dd
     0 | D:1      | 0 ||| qw: Game counter: 1015
     0 | D:1      | 0 ||| qw: Melee chars always use a shield: true
     0 | D:1      | 0 ||| qw: God list: Okawaru
     0 | D:1      | 0 ||| qw: Allow faded altars: false
     0 | D:1      | 0 ||| qw: Do Orc after clearing Dungeon:15 true
     0 | D:1      | 0 ||| qw: Do second Lair branch before Depths: true
     0 | D:1      | 0 ||| qw: Lair rune preference: random
     0 | D:1      | 0 ||| qw: Goals: Normal
     0 | D:1      | 0 ||| PLANNING D:1-11
   121 | D:1      | Reached XP level 2. HP: 16/16 MP: 4/4
   122 | D:1      | Reached skill level 6 in Ranged Weapons
   760 | D:1      | Reached XP level 3. HP: 20/20 MP: 5/5
   817 | D:1      | 817 ||| READING scroll labelled SUKHLO FAYPYERPH.
   817 | D:1      | 817 ||| ENCHANTING +0 shortbow.
   818 | D:1      | 818 ||| READING scroll labelled ECAS GELAENEX.
   919 | D:1      | 919 ||| READING 2 scrolls labelled KYERURIURGH.
   920 | D:1      | 920 ||| READING scroll labelled XARAKEDDIC.
   921 | D:1      | 921 ||| DROPPING scroll of butterflies.
   922 | D:1      | 922 ||| DROPPING scroll of immolation.
   924 | D:1      | 924 ||| Stepping ~*~*~tactically~*~*~ (cloud).
   927 | D:1      | HP: 5/20 [poisoned by you (poison gas)]
   930 | D:1      | HP: 2/20 [poisoned by you (poison gas)]
   932 | D:1      | Succumbed to their own poison gas

Levels and vault maps discovered:
D:1:      lightli_arrival_statue_moat, layout_loops_corners

Skill      XL: |  1  2 |
---------------+-------+-----
Ranged Weapons | 6 |  6.6
Fighting       | |  1.5
Dodging        | |  2.4
Stealth        | |  1.2

Action                     || total
---------------------------++-------
   Fire: Shortbow          ||    61
    Use: Scroll            ||     4
 Armour: Leather armour    ||     8
  Dodge: Dodged            ||     8

Table legend:
 A = Non-vault XP
 B = Vault XP
 C = Vault XP percentage of total XP
 D = Non-vault monster count
 E = Vault monster count
 F = Vault count percentage of total count
                 A         B        C        D         E       F
            +---------+---------+-------+---------+---------+-------
      Total |      43 |       0 |   0.0 |      24 |       0 |   0.0
            +---------+---------+-------+---------+---------+-------
        D:1 |      43 |       0 |   0.0 |      24 |       0 |   0.0
            +---------+---------+-------+---------+---------+-------
